 Dungeon Crawl Stone Soup version 0.20-a0-277-g7db01f4 (webtiles) character file.

4 esc the Chucker (level 1, -1/20 HPs)
             Began as an Ogre Arcane Marksman on Dec 11, 2016.
             Slain by a frilled lizard (3 damage)
             ... on level 1 of the Dungeon.
             The game lasted 00:00:36 (223 turns).

esc the Chucker (Ogre Arcane Marksman)               Turns: 223, Time: 00:00:36

Health: -1/20      AC:  3    Str: 15    XL:     1   Next: 70%
Magic:  2/2        EV: 10    Int: 12    God:
Gold:   2          SH:  0    Dex:  9    Spells: 1/2 levels left

rFire  . . .     SeeInvis .     h - +0 club
rCold  . . .     Gourm    .     a - +0 robe
rNeg   . . .     Faith    .     (no shield)
rPois  .         Spirit   .     (helmet restricted)
rElec  .         Reflect  .     (no cloak)
rCorr  .         Harm     .     (gloves unavailable)
MR     .....                    (boots unavailable)
Stlth  +.........               (no amulet)
                                (no ring)
                                (no ring)

@: no status effects
A: unfitting armour, tough skin 1
a: no special abilities


You were on level 1 of the Dungeon.
You were not hungry.

You visited 1 branch of the dungeon, and saw 1 of its levels.

You collected 2 gold pieces.

Inventory:

Hand Weapons
 h - a +0 club (weapon)
   (You took it off a goblin on level 1 of the Dungeon)
Missiles
 c - 4 large rocks (quivered) {!d}
 d - 2 throwing nets {=f, !d}
Armour
 a - a +0 robe (worn)
Scrolls
 j - a scroll of enchant weapon {unknown}
Potions
 e - a potion of berserk rage {unknown}
Books
 b - a book of Debilitation
Comestibles
 f - a bread ration {@e1}
 g - 2 chunks of flesh {@w0}
 i - a meat ration {@e2}


   Skills:
 + Level 1.7 Fighting
 + Level 2.2 Throwing
 + Level 1.9 Dodging
 - Level 1.2 Spellcasting
 - Level 2.1 Hexes


You had one spell level left.
You knew the following spells:

 Your Spells              Type           Power        Failure   Level  Hunger
v - Corona                Hex            #......      14%         1    ##.....


Dungeon Overview and Level Annotations

Branches:
Dungeon (1/15)

Altars:


Innate Abilities, Weirdness & Mutations

You are too large for most types of armour.
You have tough skin. (AC +1)


Message History

Found a robe.
Found a staircase leading out of the dungeon.
A goblin comes into view. It is wielding a club.
The goblin shouts!
The goblin hits you with a club.
You take 2 damage, and have 17/19 hp.
You barely miss the goblin. The goblin hits you with a club.
You take 4 damage, and have 13/19 hp.
MASSIVE DAMAGE!!
You see here a hand axe.
e - a hand axe Wield which item (- for none, * to show all)? (? for menu, Esc to quit)
e - a +0 hand axe (weapon)
The goblin hits you with a club.
You take 4 damage, and have 9/19 hp.
MASSIVE DAMAGE!!
You hit the goblin.
You kill the goblin!
No target in view!
No target in view!
Things that are here:
a club; a goblin corpse You butcher the goblin corpse.
g - 2 chunks of flesh {@w0}
Things that are here:
a club; a goblin skeleton
h - a club Wield which item (- for none, * to show all)? (? for menu, Esc to quit)
h - a +0 club (weapon)
Drop what? 8/52 slots (_ for help) (? for menu, Esc to quit)
You drop a +0 hand axe.
You start resting.
Health restored: 19 You now have 2 gold pieces.
You open the door.
There is an open door here.
i - a meat ration {@e2}
e - a fizzy sapphire potion
j - a scroll labeled DENOSIELEWN A frilled lizard comes into view.
The frilled lizard hisses angrily.
Found a stone staircase leading down.
A kobold comes into view.
The kobold shouts!
The kobold throws a stone.
The stone hits you.
A goblin comes into view.
You see here a stone.
You take 2 damage, and have 17/19 hp.
The goblin shouts!
The frilled lizard bites you but does no damage.
Found a stone staircase leading down.
You hit the frilled lizard.
You kill the frilled lizard!
The kobold throws a stone.
The stone hits you but does no damage.
A kobold comes into view. It is wielding a short sword.
The kobold shouts!
The kobold throws a stone.
The stone closely misses you. The goblin hits you.
You see here a stone.
You take 1 damage, and have 17/20 hp.
You closely miss the goblin.
The kobold throws a stone.
The stone barely misses you. The goblin barely misses you.
You hit the goblin.
You kill the goblin!
The kobold throws a stone.
The stone hits you but does no damage.
The kobold throws a stone.
The stone hits you. The kobold hits you.
A frilled lizard comes into view.
You take 4 damage, and have 13/20 hp.
The frilled lizard hisses angrily.
You hit the kobold. The kobold hits you.
You take 3 damage, and have 10/20 hp.
You barely miss the kobold. The kobold closely misses you.
You hit the kobold. The kobold barely misses you.
The kobold closely misses you.
You hit the kobold but do no damage.
The frilled lizard hisses.
The kobold closely misses you.
You hit the kobold.
You kill the kobold!
You closely miss the kobold. The kobold hits you with a short sword.
The kobold barely misses you.
You take 2 damage, and have 8/20 hp.
You closely miss the kobold. The frilled lizard barely misses you.
The kobold hits you but does no damage. The frilled lizard barely misses you.
You barely miss the kobold. The kobold hits you with a short sword.
* * * LOW HITPOINT WARNING * * *
The frilled lizard closely misses you.
You take 6 damage, and have 2/20 hp.
MASSIVE DAMAGE!!
Things that are here:
2 stones; a goblin corpse You hit the kobold.
You kill the kobold!
A kobold comes into view. It is wielding a club.
You closely miss the frilled lizard.
The kobold shouts!
The frilled lizard misses you.
You barely miss the frilled lizard. The frilled lizard closely misses you.
The frilled lizard bites you but does no damage.
You miss the frilled lizard. The frilled lizard bites you.
You die...

... ..#.. .....#.
..... ......#..
.....# #+# >........
...... #.#
........###......
##.##
........#.K......
#...#
.......'.>......
#...# +....#@#.#.#.
#...## #....l........
..♣..####
#..†.....#...#
.....)..###..(..##.#
## ♣.<.♣.....+..(..#
... ...[....###...#.#
.###
..♣..#####..#.#... .
#...##........####..
#...#..#+####.#####..


You could see a kobold and a frilled lizard.

Vanquished Creatures
  2 goblins (D:1)
  2 kobolds (D:1)
  A frilled lizard (D:1)
5 creatures vanquished.

Notes
Turn   | Place    | Note
-------+----------+-------------------------------------------
     0 | D:1      | esc the Ogre Arcane Marksman began the quest for the Orb.
     0 | D:1      | Reached XP level 1. HP: 19/19 MP: 2/2
   218 | D:1      | HP: 2/20 [kobold/short sword (6)]
   223 | D:1      | Slain by a frilled lizard

Vault maps used:
D:1:      evilmike_arrival_plus

Action                   || total
-------------------------++-------
Melee: Club              ||    15
       Hand axe          ||     1
       Unarmed           ||     1
Armor: Robe              ||     5
Dodge: Dodged            ||    13

Vault maps used:
D:1:      evilmike_arrival_plus

Table legend:
 A = Turns spent in this place as a percentage of turns spent in the entire game.
 B = Non-inter-level travel turns spent in this place as a percentage of non-inter-level travel turns spent in the entire game.
 C = Inter-level travel turns spent in this place as a percentage of turns spent in this place.
 D = Turns resting spent in this place as a percentage of non-inter-level travel turns spent in this place.
 E = Turns spent auto-exploring this place as a percentage of non-inter-level travel turns spent in this place.
 F = Non-inter-level travel turns spent in this place divided by the number of levels of this place that you've seen.
                   A       B       C       D       E      F
               +-------+-------+-------+-------+-------+----------------------
         Total | 100.0 | 100.0 |   0.0 |   4.5 |   9.1 |  44.0
       Dungeon | 100.0 | 100.0 |   0.0 |   4.5 |   9.1 |  44.0
               +-------+-------+-------+-------+-------+----------------------

Table legend:
 A = Kills in this place as a percentage of kills in entire the game.
 B = Kills by you in this place as a percentage of kills by you in the entire game.
 C = Kills by friends in this place as a percentage of kills by friends in the entire game.
 D = Other kills in this place as a percentage of other kills in the entire game.
 E = Experience gained in this place as a percentage of experience gained in the entire game.
 F = Experience gained in this place divided by the number of levels of this place that you have seen.
                   A       B       C       D       E      F
               +-------+-------+-------+-------+-------+----------------------
         Total | 100.0 | 100.0 |  -nan |  -nan | 100.0 |   7.0
       Dungeon | 100.0 | 100.0 |  -nan |  -nan | 100.0 |   7.0
               +-------+-------+-------+-------+-------+----------------------
